Map: Disco Bloodbath LE

Players

DnS - Winner!

  • Race: Protoss Protoss
  • Spawn Location: 9:00

ShaDoWn

  • Race: Protoss Protoss
  • Spawn Location: 3:00

VOD

Have the link to the VOD?

Description

Time

  • Played on: Sept. 6, 2019, 8:23 p.m.
  • Length: 5:43
Show
View Real Time Build Order
Export as new Build Order

DnS Protoss - Winner!

Build Orders: Oracle Opening, Phoenix Opening 

Get SALT Encoding   

  12  0:00  Probe  
  13  0:12  Probe  
  14  0:17  Pylon  
  14  0:24  Probe  
  15  0:32  Probe  
  15  0:37  Gateway  
  15  0:40  Probe  
  16  0:46  Assimilator  
  17  0:51  Probe  
  17  0:54  Assimilator  
  18  1:00  Probe  
  19  1:08  Probe  
  19  1:09  Gateway  
  19  1:17  Probe  
  20  1:23  Cybernetics Core  
  21  1:29  Probe  
  22  1:35  Pylon  
  22  1:41  Probe  
  22  1:44  Pylon  
  23  1:53  Probe  
  24  2:05  Stargate  
  24  2:10  Adept  
  24  2:11  Adept  
  28  2:19  Warp Gate  
  27  2:45  Oracle, Stalker  
  27  2:47  Shield Battery  
  32  3:09  Shield Battery  
  31  3:17  Probe  
  25  3:28  Phoenix  
  25  3:29  Probe  
  26  3:39  Probe  
  26  3:47  Probe  
  23  3:55  Probe  
  24  4:08  Probe  
  25  4:16  Stalker x2  
  29  4:20  Probe  
  26  4:32  Probe  
  27  4:41  Probe  
  28  4:49  Probe  
  28  4:50  Stalker  
  30  4:58  Probe  
  30  4:59  Stalker  
  34  5:09  Probe  
  35  5:17  Probe  
  36  5:25  Probe  
  36  5:27  Nexus  
Show
View Real Time Build Order
Export as new Build Order

ShaDoWn Protoss 

Build Orders: Oracle Opening 

Get SALT Encoding   

  12  0:00  Probe  
  13  0:12  Probe  
  14  0:17  Pylon  
  14  0:24  Probe  
  15  0:32  Probe  
  15  0:37  Gateway  
  15  0:40  Probe  
  16  0:48  Assimilator  
  17  0:51  Probe  
  17  0:55  Assimilator  
  18  1:00  Probe  
  19  1:08  Gateway, Probe  
  19  1:17  Probe  
  20  1:23  Cybernetics Core  
  21  1:29  Probe  
  22  1:34  Pylon  
  22  1:41  Probe  
  23  1:53  Probe  
  24  1:59  Adept x2  
  24  2:00  Warp Gate  
  28  2:10  Pylon  
  28  2:15  Stargate  
  28  2:20  Probe  
  29  2:42  Nexus  
  29  2:48  Oracle  
  32  3:06  Probe  
  32  3:08  Robotics Facility  
  33  3:19  Shield Battery  
  32  3:27  Stalker  
  32  3:29  Probe  
  11  4:28  Stalker  
  9  4:46  Probe  
  10  4:59  Probe  
  11  5:10  Probe  
  12  5:18  Probe  
  14  5:41  Zealot  
Tags
 
Add a new tag
Caveats
  • Supply blocks, unpowered buildings, or Contaminate may cause inaccurate times.
  • Supply counts are checked every 10 seconds.